 Dungeon Crawl Stone Soup version 0.26-a0-800-g517d6fe721 (webtiles) character file.

Game seed: 8061797287013112792

100 jalala the Bolt Thrower (level 4, -4/28 HPs)
             Began as a Tengu Hunter on Nov 11, 2020.
             Was an Initiate of Okawaru.
             Splashed by a jelly's acid (6 damage)
             ... on level 3 of the Dungeon.
             The game lasted 00:03:36 (3356 turns).

jalala the Bolt Thrower (Tengu Hunter)              Turns: 3356, Time: 00:03:37

Health: -4/28      AC:  0    Str: 13    XL:     4   Next: 74%
Magic:  5/5        EV: 12    Int: 12    God:    Okawaru [......]
Gold:   230        SH:  0    Dex: 14    Spells: 3/3 levels left

rFire    . . .     SeeInvis +   a - +1 hand crossbow
rCold    . . .     Faith    .   (no shield)
rNeg     . . .     Spirit   .   c - +0 leather armour
rPois    .         Reflect  .   (helmet restricted)
rElec    .         Harm     .   (no cloak)
rCorr    .         Rampage  .   (no gloves)
MR       .....                  (boots unavailable)
Stlth    +.........             (no amulet)
HPRegen  0.09/turn              n - ring of see invisible
MPRegen  0.09/turn              (no ring)

@: corroded
A: beak, talons 3
a: Renounce Religion


You were on level 3 of the Dungeon.
You worshipped Okawaru.
Okawaru was noncommittal.
You visited 1 branch of the dungeon, and saw 3 of its levels.

You collected 230 gold pieces.

Inventory:

Hand Weapons
 a - a +1 hand crossbow (weapon)
 b - a +0 short sword
Missiles
 d - 41 bolts (quivered)
Armour
 c - a +0 leather armour (worn)
 v - a scarf of shadows
Jewellery
 n - a ring of see invisible (left hand)
Scrolls
 e - 6 scrolls of remove curse {unknown}
 g - 2 scrolls of teleportation {unknown}
 h - 2 scrolls of magic mapping {unknown}
 j - 4 scrolls of identify {unknown}
 m - a scroll of blinking {unknown}
 o - 2 scrolls of immolation {unknown}
 r - a scroll of fear {unknown}
 t - a scroll of amnesia {unknown}
Potions
 f - a potion of ambrosia {unknown}
 i - 2 potions of lignification {unknown}
 k - a potion of flight {unknown}
 l - a potion of heal wounds {unknown}
 p - 3 potions of brilliance {unknown}
 q - 2 potions of curing {unknown}
 s - 2 potions of haste {unknown}
 u - a potion of berserk rage {unknown}


   Skills:
 + Level 3.0 Fighting
 * Level 5.7 Crossbows
 + Level 0.8 Armour
 + Level 2.4 Dodging
 - Level 1.0 Stealth


You had 3 spell levels left.
You didn't know any spells.
Your spell library was empty.

Dungeon Overview and Level Annotations

Branches:
Dungeon (3/15)

Altars:
Dithmenos
Okawaru


Innate Abilities, Weirdness & Mutations

You have a beak for a mouth.
You have claws for feet.


Message History

You are too injured to fight recklessly!
You are too injured to fight recklessly!
You are too injured to fight recklessly!
Firing (i - inventory)
d - 43 bolts (quivered)
Press: ? - help, Shift-Dir - straight line, f/p - jelly
Aim: a jelly (lightly wounded)
You shoot a bolt. The bolt hits the jelly!
The jelly is severely wounded.
The jelly hits you.
You are splashed with acid!
* * * LOW HITPOINT WARNING * * *
Firing (i - inventory)
d - 42 bolts (quivered)
Press: ? - help, Shift-Dir - straight line, f/p - jelly
Aim: a jelly (severely wounded)
You shoot a bolt.
The bolt hits the jelly but does no damage.
The jelly is severely wounded.
The jelly hits you.
* * * LOW HITPOINT WARNING * * *
You are splashed with acid.
You die...

##### #.# #.(####..#### ....#
#.# #.......(# ###.# #.#
#...###>## # #.# #.# #...# #.# #
#.# #.###...###.# # # #.#
#.........>.# .# # #.#
#####...##### .# # #.#
#######...# #########.# ###.#
#.....†)@J####.........# ....#
#.#####................# #####
#.# ###.###...####..## .# #.#
#.# #...').#..# .### #(# #.#
##..#..#..# .).######.# #.#
#.P####..# .........># #.#
#......... ...########
#.####.........#
.################.##..........J#


You could see a jelly.

Vanquished Creatures
  3 adders
  An ufetubus (D:3)
  An ooze (D:2)
  2 worms (D:2)
  2 leopard geckos
  An orc (D:3)
  3 ball pythons
  8 bats
  3 giant cockroaches (D:3)
  2 goblins (D:3)
  4 hobgoblins
  9 jackals
  5 frilled lizards
  6 kobolds
  4 rats
54 creatures vanquished.

Notes
Turn   | Place    | Note
-------+----------+-------------------------------------------
     0 | D:1      | jalala the Tengu Hunter began the quest for the Orb.
     0 | D:1      | Reached XP level 1. HP: 12/12 MP: 2/2
   510 | D:1      | Reached XP level 2. HP: 17/17 MP: 3/3
  1250 | D:2      | Reached skill level 5 in Crossbows
  1285 | D:2      | Reached XP level 3. HP: 6/22 MP: 4/4
  1943 | D:2      | Found a shadowy altar of Dithmenos.
  2487 | D:3      | Found an iron altar of Okawaru.
  2493 | D:3      | Became a worshipper of Warmaster Okawaru
  2615 | D:3      | Reached XP level 4. HP: 25/27 MP: 5/5
  3356 | D:3      | Splashed by a jelly's acid

Illustrated notes

Levels and vault maps discovered:
D:1:      lemuel_arrival_behind_the_door_small, layout_basic
D:2:      layout_basic, lemuel_round_altar
D:3:      layout_loops_ring, corexii_shack, hangedman_decor_clover_reticule,
          okawaru_gym_becter

Skill      XL: |  1  2  3  4 |
---------------+-------------+-----
Crossbows      | 5 |  5.7
Fighting       | 3 |  3.0
Armour         | |  0.8
Dodging        | |  2.4
Stealth        | |  1.0

Action                   |  1- 3 |  4- 6 || total
-------------------------+-------+-------++-------
Melee: Short sword       |    92 |    54 ||   146
       Kick              |    16 |    13 ||    29
       Peck              |    14 |     6 ||    20
 Fire: Hand crossbow     |    17 |    13 ||    30
 Stab: Sleeping          |     2 |     1 ||     3
Armor: Leather armour    |    31 |    29 ||    60
Dodge: Dodged            |    52 |    51 ||   103

Table legend: (Time is in decaauts)
 A = Elapsed time spent in this place.
 B = Non-inter-level travel time spent in this place.
 C = Inter-level travel time spent in this place.
 D = Time resting spent in this place.
 E = Time spent auto-exploring this place.
 F = Levels seen in this place.
 G = Mean time per level.
                   A        B        C        D        E       F      G
               +--------+--------+--------+--------+--------+-----+--------+
         Total |   3370 |   3338 |     32 |    573 |   2297 |   3 | 1123.3 |
       Dungeon |   3370 |   3338 |     32 |    573 |   2297 |   3 | 1123.3 |
               +--------+--------+--------+--------+--------+-----+--------+

Top non-repeatable levels by time:
     D:2: 1519 daAuts
     D:1: 970 daAuts
     D:3: 880 daAuts
